Predators vs Kings
(R1)
Created - 1 mars 2013 at 18:57
Goals
|
| Predators |
1 |
1 |
1 |
3 |
| Kings |
2 |
4 |
0 |
6 |
|
Shots
|
| Predators |
8 |
9 |
9 |
26 |
| Kings |
13 |
12 |
4 |
29 |
|
1st period
1. Predators , Alexander Ovechkin 25 (Joe Thornton) at 2:08 (PP)
2. Kings , Antti Miettinen 10 (Erik Cole, Randy Robitaille) at 3:29
3. Kings , Antti Miettinen 11 (Marek Zidlicky, Ryan Whitney) at 17:51 (PP)
Penalties :
Shawn Horcoff (LAK) for Hooking (Minor) at 1:52, Brent Sopel (LAK) for Hooking (Minor) at 6:26, Mikael Samuelsson (Nas) for High sticking (Minor) at 13:49, Joe Thornton (Nas) for Holding (Minor) at 17:08, Erik Cole (LAK) for Holding (Minor) at 19:11
2nd period
4. Kings , Erik Cole 8 (Randy Robitaille, Antti Miettinen) at 4:56
5. Kings , Bill Guerin 14 (Derek Boogaard, Shawn Horcoff) at 14:44
6. Predators , Adrian Aucoin 5 (Alexander Ovechkin) at 16:45 (PP)
7. Kings , Bryan McCabe 6 (Shawn Horcoff) at 18:27 (PP)
8. Kings , Guillaume Latendresse 12 (Ryan Whitney, Sydney Crosby) at 18:44
Penalties :
Antti Miettinen (LAK) for Boarding (Minor) at 7:26, Shawn Horcoff (LAK) for Holding (Minor) at 15:44, Jean-Pierre Dumont (Nas) for Interference (Minor) at 17:54
3rd period
9. Predators , Ryan Mcdonagh 1 (Jean-Pierre Dumont) at 17:38
Penalties :
Mariusz Czerkawski (Nas) for Tripping (Minor) at 4:57, Joe Thornton (Nas) for Holding (Minor) at 12:04, Barret Jackman (Nas) for Interference (Minor) at 18:12
Goalie Stats
Nikolai Khabibulin (Nas), 8 saves from 10 shots - (0,800), 25:16 minutes
Rick DiPietro (Nas), 15 saves from 19 shots - (0,789), L, 19-12-2, 34:44 minutes
Brian Boucher (LAK), 23 saves from 26 shots - (0,885), W, 3-1-1, 60:00 minutes
Players Stats for Predators
Player Name G A P +/- PIM S H SB GA TA FO MP PP MP PK MP
------------------------------------------------------------------------------------
Adrian Aucoin 1 0 1 -3 0 3 1 1 1 0 0/0 25:39 3:51 4:26
Alexander Ovechkin 1 1 2 -2 0 4 2 2 1 0 1/1 21:08 4:30 0:57
Alexander Steen 0 0 0 0 0 3 0 2 0 0 0/0 15:41 2:44 0:12
Barret Jackman 0 0 0 -3 2 0 0 3 0 1 0/0 20:38 0:00 3:28
Blake Geoffrion 0 0 0 -1 0 1 0 0 0 0 0/0 6:10 0:00 0:00
Jean-Pierre Dumont 0 1 1 0 2 1 1 0 0 0 1/1 15:53 4:10 0:00
Joe Thornton 0 1 1 -2 4 1 5 0 1 1 9/25 20:50 4:26 0:13
Kent Huskins 0 0 0 0 0 2 2 1 1 0 0/0 19:43 2:47 4:34
Mariusz Czerkawski 0 0 0 -1 2 1 2 0 0 0 0/0 6:09 0:00 0:00
Michael Grabner 0 0 0 -2 0 0 0 1 0 1 2/3 18:06 2:44 0:00
Mikael Samuelsson 0 0 0 0 2 2 2 1 1 2 0/0 14:10 0:20 3:21
Mike Ribeiro 0 0 0 0 0 1 3 0 1 0 6/10 14:27 2:44 0:00
Mike Sillinger 0 0 0 0 0 0 0 0 0 0 4/13 14:04 0:04 4:17
Oleg Saprykin 0 0 0 0 0 4 1 1 1 1 0/1 14:07 0:00 4:30
Paul Mara 0 0 0 0 0 1 1 1 0 0 0/0 13:27 0:36 0:00
Robyn Regehr 0 0 0 0 0 0 1 2 0 1 0/0 20:52 2:47 4:26
Ryan Mcdonagh 1 0 1 0 0 2 0 0 0 2 0/0 19:10 4:27 1:06
Todd White 0 0 0 -1 0 0 2 0 0 0 1/7 10:40 0:00 4:30
Players Stats for Kings
Player Name G A P +/- PIM S H SB GA TA FO MP PP MP PK MP
------------------------------------------------------------------------------------
Antti Miettinen 2 1 3 2 2 2 2 0 1 0 0/0 11:56 3:53 0:00
Bill Guerin 1 0 1 1 0 1 0 1 0 0 1/2 16:28 0:00 4:00
Braydon Coburn 0 0 0 1 0 1 1 0 0 2 0/0 20:47 0:00 4:22
Brent Sopel 0 0 0 0 2 3 1 2 1 0 0/0 18:11 0:00 1:46
Brian Pothier 0 0 0 2 0 0 0 0 0 1 0/0 18:27 3:08 4:38
Bryan McCabe 1 0 1 2 0 2 0 0 0 0 0/0 14:55 3:08 1:06
Derek Boogaard 0 1 1 1 0 2 3 0 0 1 0/0 12:48 0:00 0:46
Erik Cole 1 1 2 2 2 2 0 0 1 0 0/0 10:27 0:00 1:30
Guillaume Latendresse 1 0 1 0 0 3 3 1 0 1 1/2 19:33 5:07 0:00
John Madden 0 0 0 0 0 0 1 0 0 0 3/3 11:07 0:00 2:18
Ladislav Nagy 0 0 0 0 0 1 2 0 1 0 0/0 12:12 3:53 0:00
Marek Zidlicky 0 1 1 1 0 2 2 0 3 0 0/0 22:15 5:52 2:36
Matthew Barnaby 0 0 0 0 0 0 1 0 0 0 0/0 8:46 0:00 0:00
Nik Antropov 0 0 0 0 0 3 1 1 1 0 20/30 19:33 5:07 0:00
Randy Robitaille 0 2 2 2 0 0 0 0 0 1 6/11 12:30 0:00 4:15
Ryan Whitney 0 2 2 0 0 1 0 3 1 1 0/0 25:28 5:52 0:00
Shawn Horcoff 0 2 2 1 4 2 1 0 0 0 6/13 16:04 3:53 0:00
Sydney Crosby 0 1 1 0 0 4 2 0 0 0 0/0 21:14 5:07 1:39
3 Stars
1 - Antti Miettinen (LAK)
2 - Erik Cole (LAK)
3 - Randy Robitaille (LAK)
Power Play
Predators - 2 on 5 Attempt(s) - 40,00%
Kings - 2 on 6 Attempt(s) - 33,33%
Penalty Kill
Predators - 4 on 6 Attempt(s) - 66,67%
- Score 0 goal in Penalty Kill
Kings - 3 on 5 Attempt(s) - 60,00%
- Score 0 goal in Penalty Kill
Official
Referees : Walkom Stephen and McCauley Wes
Linesman : Don Henderson and Bryan Pancich
Game Notes
Nikolai Khabibulin enters game at 14:44 of 2nd period
Finance
Level 1 -- Attendance: 3416 (56,93%) -- Ticket Income 427 000 $
Level 2 -- Attendance: 2055 (41,10%) -- Ticket Income 205 500 $
Level 3 -- Attendance: 800 (40,00%) -- Ticket Income 60 000 $
Level 4 -- Attendance: 1600 (40,00%) -- Ticket Income 80 000 $
Luxury Box -- Attendance: 651 (65,10%) -- Ticket Income 130 200 $
Game was played at the Staples Center
Total Attendance: 8522 (47,34%)
Total Ticket Income: 902 700 $
Total Income: 902 700 $
Predators
5 vs 5 Forward
Center Left Wing Right Wing Time % Phy DF OF
1 Joe Thornton Alexander Ovechkin Michael Grabner 40 0 1 4
2 Mike Ribeiro Alexander Steen Jean-Pierre Dumont 30 1 1 3
3 Mike Sillinger Oleg Saprykin Mikael Samuelsson 20 1 2 2
4 Todd White Blake Geoffrion Mariusz Czerkawski 10 1 2 2
5 vs 5 Defense
Defense Defense Time % Phy DF OF
1 Adrian Aucoin Barret Jackman 40 1 2 2
2 Robyn Regehr Ryan Mcdonagh 30 1 2 2
3 Kent Huskins Paul Mara 25 1 2 2
4 Adrian Aucoin Ryan Mcdonagh 5 1 2 2
PowerPlay Forward
Center Left Wing Right Wing Time % Phy DF OF
1 Joe Thornton Alexander Ovechkin Jean-Pierre Dumont 60 0 1 4
2 Mike Ribeiro Alexander Steen Michael Grabner 40 0 1 4
PowerPlay Defense
Defense Defense Time % Phy DF OF
1 Adrian Aucoin Ryan Mcdonagh 60 1 1 3
2 Robyn Regehr Kent Huskins 40 1 1 3
Penalty Kill 4 Players Forward
Center Wing Time % Phy DF OF
1 Mike Sillinger Mikael Samuelsson 50 1 3 1
2 Todd White Oleg Saprykin 50 1 3 1
Penalty Kill 4 Players Defense
Defense Defense Time % Phy DF OF
1 Adrian Aucoin Robyn Regehr 50 1 3 1
2 Barret Jackman Kent Huskins 50 1 3 1
Penalty Kill - 3 Players Forward
Forward Time % Phy DF OF
1 Mike Sillinger 50 1 3 1
2 Todd White 50 1 3 1
Penalty Kill - 3 Players Defense
Defense Defense Time % Phy DF OF
1 Adrian Aucoin Robyn Regehr 50 1 3 1
2 Ryan Mcdonagh Kent Huskins 50 1 3 1
4 vs 4 Forward
Center Wing Time % Phy DF OF
1 Joe Thornton Alexander Ovechkin 60 1 2 2
2 Mike Ribeiro Jean-Pierre Dumont 40 1 2 2
4 vs 4 Defense
Defense Defense Time % Phy DF OF
1 Adrian Aucoin Robyn Regehr 60 1 2 2
2 Barret Jackman Kent Huskins 40 1 2 2
Last Minutes Offensive
Center Left Wing Right Wing Defense Defense
Joe Thornton Alexander Ovechkin Jean-Pierre Dumont Adrian Aucoin Robyn Regehr
Last Minutes Defensive
Center Left Wing Right Wing Defense Defense
Joe Thornton Alexander Ovechkin Jean-Pierre Dumont Adrian Aucoin Robyn Regehr
Goaltenders
Starting : Rick DiPietro
Backup : Nikolai Khabibulin
Extra Forwards
Normal : Mikael Samuelsson, Joe Thornton, Alexander Ovechkin - PP : Mikael Samuelsson, Mike Sillinger - PK : Alexander Ovechkin
Extra Defensemen
Normal : Ryan Mcdonagh, Adrian Aucoin, Robyn Regehr - PP : Paul Mara - PK : Ryan Mcdonagh, Paul Mara
Penalty Shots
Alexander Ovechkin, Mike Ribeiro, Joe Thornton, Jean-Pierre Dumont, Mike Sillinger
Kings
5 vs 5 Forward
Center Left Wing Right Wing Time % Phy DF OF
1 Nik Antropov Guillaume Latendresse Sydney Crosby 35 1 1 3
2 Shawn Horcoff Derek Boogaard Bill Guerin 30 1 1 3
3 Randy Robitaille Erik Cole Antti Miettinen 20 1 2 2
4 John Madden Ladislav Nagy Matthew Barnaby 15 1 2 2
5 vs 5 Defense
Defense Defense Time % Phy DF OF
1 Ryan Whitney Brent Sopel 35 0 3 2
2 Braydon Coburn Marek Zidlicky 30 0 3 2
3 Bryan McCabe Brian Pothier 20 0 3 2
4 Ryan Whitney Braydon Coburn 15 0 3 2
PowerPlay Forward
Center Left Wing Right Wing Time % Phy DF OF
1 Nik Antropov Guillaume Latendresse Sydney Crosby 60 0 1 4
2 Shawn Horcoff Ladislav Nagy Antti Miettinen 40 0 1 4
PowerPlay Defense
Defense Defense Time % Phy DF OF
1 Ryan Whitney Marek Zidlicky 60 0 2 3
2 Bryan McCabe Brian Pothier 40 0 2 3
Penalty Kill 4 Players Forward
Center Wing Time % Phy DF OF
1 Randy Robitaille Bill Guerin 60 0 4 1
2 John Madden Erik Cole 40 0 4 1
Penalty Kill 4 Players Defense
Defense Defense Time % Phy DF OF
1 Braydon Coburn Brian Pothier 60 1 4 0
2 Brent Sopel Marek Zidlicky 40 1 4 0
Penalty Kill - 3 Players Forward
Forward Time % Phy DF OF
1 Sydney Crosby 60 0 4 1
2 Nik Antropov 40 0 4 1
Penalty Kill - 3 Players Defense
Defense Defense Time % Phy DF OF
1 Braydon Coburn Brian Pothier 60 1 4 0
2 Brent Sopel Marek Zidlicky 40 1 4 0
4 vs 4 Forward
Center Wing Time % Phy DF OF
1 Nik Antropov Sydney Crosby 60 1 2 2
2 Shawn Horcoff Derek Boogaard 40 1 2 2
4 vs 4 Defense
Defense Defense Time % Phy DF OF
1 Ryan Whitney Brent Sopel 60 1 2 2
2 Bryan McCabe Marek Zidlicky 40 1 2 2
Last Minutes Offensive
Center Left Wing Right Wing Defense Defense
Nik Antropov Guillaume Latendresse Sydney Crosby Ryan Whitney Marek Zidlicky
Last Minutes Defensive
Center Left Wing Right Wing Defense Defense
Nik Antropov Erik Cole Antti Miettinen Braydon Coburn Brent Sopel
Goaltenders
Starting : Brian Boucher
Backup : Ryan Miller
Extra Forwards
Normal : Erik Cole, Ladislav Nagy, Shawn Horcoff - PP : Bill Guerin, Erik Cole - PK : Sydney Crosby
Extra Defensemen
Normal : Brian Pothier, Ryan Whitney, Bryan McCabe - PP : Brent Sopel - PK : Marek Zidlicky, Bryan McCabe
Penalty Shots
Sydney Crosby, Guillaume Latendresse, Shawn Horcoff, Nik Antropov, Ladislav Nagy
% Time on Ice - Predators
Lines # - Real PCT - Wanted PCT - Time Play
Normal Forward
1 - 37% - 40% - 16:16
2 - 27% - 30% - 11:43
3 - 22% - 20% - 9:37
4 - 14% - 10% - 6:10
Normal Defense
1 - 40% - 40% - 17:32
2 - 31% - 30% - 13:27
3 - 28% - 25% - 12:03
4 - 2% - 5% - 0:44
PP Forward
1 - 62% - 60% - 4:30
2 - 38% - 40% - 2:44
PP Defense
1 - 62% - 60% - 4:27
2 - 38% - 40% - 2:47
PK Forward
1 - 50% - 50% - 4:30
2 - 50% - 50% - 4:30
PK Defense
1 - 49% - 50% - 4:26
2 - 51% - 50% - 4:34
PK3 Forward
1 - 0% - 50%
2 - 0% - 50%
PK3 Defense
1 - 0% - 50%
2 - 0% - 50%
44 Forward
1 - 0% - 60%
2 - 0% - 40%
44 Defense
1 - 0% - 60%
2 - 0% - 40%
Last Minute Offensive - 0:00
Last Minute Defensive - 0:00
Total
Forward - 60:00
Defense - 60:00
|
% Time on Ice - Kings
Lines # - Real PCT - Wanted PCT - Time Play
Normal Forward
1 - 33% - 35% - 14:31
2 - 28% - 30% - 12:18
3 - 19% - 20% - 8:11
4 - 20% - 15% - 8:46
Normal Defense
1 - 36% - 35% - 15:57
2 - 32% - 30% - 13:52
3 - 24% - 20% - 10:18
4 - 8% - 15% - 3:39
PP Forward
1 - 57% - 60% - 5:07
2 - 43% - 40% - 3:53
PP Defense
1 - 65% - 60% - 5:52
2 - 35% - 40% - 3:08
PK Forward
1 - 70% - 60% - 5:02
2 - 30% - 40% - 2:12
PK Defense
1 - 60% - 60% - 4:22
2 - 40% - 40% - 2:52
PK3 Forward
1 - 0% - 60%
2 - 0% - 40%
PK3 Defense
1 - 0% - 60%
2 - 0% - 40%
44 Forward
1 - 0% - 60%
2 - 0% - 40%
44 Defense
1 - 0% - 60%
2 - 0% - 40%
Last Minute Offensive - 0:00
Last Minute Defensive - 0:00
Total
Forward - 60:00
Defense - 60:00
|
Play by Play
1st period
0:01 of 1st period - Joe Thornton wins face-off versus Nik Antropov in neutral zone.
0:29 of 1st period - Wrist shot by Shawn Horcoff.
0:29 of 1st period - Stopped by Rick DiPietro without a rebound.
0:30 of 1st period - Shawn Horcoff wins face-off versus Mike Ribeiro in Predators zone.
0:31 of 1st period - Slapshot by Derek Boogaard.
0:31 of 1st period - Shot Blocked by Alexander Steen.
0:49 of 1st period - Snap shot by Jean-Pierre Dumont.
0:49 of 1st period - Deflect By Alexander Steen.
0:49 of 1st period - Stopped by Brian Boucher with a rebound.
0:57 of 1st period - Snap shot by Jean-Pierre Dumont.
0:57 of 1st period - Shot Misses the Net.
0:59 of 1st period - Slapshot by Kent Huskins.
0:59 of 1st period - Deflect By Shawn Horcoff.
0:59 of 1st period - Stopped by Brian Boucher with a rebound.
1:27 of 1st period - Snap shot by Jean-Pierre Dumont.
1:27 of 1st period - Stopped by Brian Boucher with a rebound.
1:29 of 1st period - Backhand shot by Barret Jackman.
1:29 of 1st period - Shot Misses the Net.
1:52 of 1st period - Minor Penalty to Shawn Horcoff for Hooking.
1:53 of 1st period - Joe Thornton wins face-off versus Randy Robitaille in Kings zone.
2:06 of 1st period - Snap shot by Alexander Ovechkin.
2:06 of 1st period - Shot Misses the Net.
2:08 of 1st period - Snap shot by Alexander Ovechkin.
2:08 of 1st period - Goal by Alexander Ovechkin - Predators : 1 - Kings : 0.
2:09 of 1st period - Randy Robitaille wins face-off versus Michael Grabner in neutral zone.
2:16 of 1st period - Slapshot by Bryan McCabe.
2:16 of 1st period - Stopped by Rick DiPietro without a rebound.
2:17 of 1st period - Joe Thornton wins face-off versus Randy Robitaille in Predators zone.
2:31 of 1st period - Snap shot by Erik Cole.
2:31 of 1st period - Shot Blocked by Alexander Ovechkin.
2:45 of 1st period - Erik Cole is hit by Joe Thornton and loses puck.
3:29 of 1st period - Snap shot by Antti Miettinen.
3:29 of 1st period - Goal by Antti Miettinen - Predators : 1 - Kings : 1.
3:30 of 1st period - Nik Antropov wins face-off versus Mike Sillinger in neutral zone.
3:33 of 1st period - Wrist shot by Sydney Crosby.
3:33 of 1st period - Stopped by Rick DiPietro without a rebound.
3:34 of 1st period - Nik Antropov wins face-off versus Mike Sillinger in Predators zone.
3:39 of 1st period - Snap shot by Sydney Crosby.
3:39 of 1st period - Shot Blocked by Oleg Saprykin.
3:41 of 1st period - Snap shot by Guillaume Latendresse.
3:41 of 1st period - Shot Misses the Net.
3:43 of 1st period - Slapshot by Nik Antropov.
3:43 of 1st period - Stopped by Rick DiPietro with a rebound.
3:45 of 1st period - Wrist shot by Brent Sopel.
3:45 of 1st period - Shot Misses the Net.
3:47 of 1st period - Snap shot by Brent Sopel.
3:47 of 1st period - Stopped by Rick DiPietro with a rebound.
3:49 of 1st period - Wrist shot by Sydney Crosby.
3:49 of 1st period - Shot Blocked by Barret Jackman.
4:03 of 1st period - Wrist shot by Ladislav Nagy.
4:03 of 1st period - Shot Blocked by Barret Jackman.
6:01 of 1st period - Slapshot by Alexander Ovechkin.
6:01 of 1st period - Stopped by Brian Boucher with a rebound.
6:05 of 1st period - Wrist shot by Joe Thornton.
6:05 of 1st period - Shot Blocked by Ryan Whitney.
6:07 of 1st period - Slapshot by Adrian Aucoin.
6:07 of 1st period - Stopped by Brian Boucher with a rebound.
6:26 of 1st period - Minor Penalty to Brent Sopel for Hooking.
6:27 of 1st period - Joe Thornton wins face-off versus Randy Robitaille in Kings zone.
7:08 of 1st period - Slapshot by Erik Cole.
7:08 of 1st period - Stopped by Rick DiPietro with a rebound.
7:48 of 1st period - Ryan Mcdonagh is hit by Sydney Crosby and loses puck.
8:26 of 1st period - Penalty to Brent Sopel is over, Brent Sopel is back on ice.
9:31 of 1st period - Sydney Crosby is hit by Mike Ribeiro and loses puck.
9:49 of 1st period - Braydon Coburn is hit by Kent Huskins.
10:09 of 1st period - Bryan McCabe is hit by Mariusz Czerkawski.
10:19 of 1st period - Oleg Saprykin is hit by Braydon Coburn and loses puck.
10:34 of 1st period - Ryan Mcdonagh is hit by Nik Antropov and loses puck.
10:39 of 1st period - Slapshot by Sydney Crosby.
10:39 of 1st period - Shot Blocked by Robyn Regehr.
10:41 of 1st period - Slapshot by Marek Zidlicky.
10:41 of 1st period - Stopped by Rick DiPietro with a rebound.
11:05 of 1st period - Mike Ribeiro is hit by Derek Boogaard and loses puck.
11:10 of 1st period - Snap shot by Derek Boogaard.
11:10 of 1st period - Stopped by Rick DiPietro without a rebound.
11:11 of 1st period - Nik Antropov wins face-off versus Mike Sillinger in Predators zone.
11:25 of 1st period - Icing by Paul Mara.
11:26 of 1st period - Shawn Horcoff wins face-off versus Mike Sillinger in Predators zone.
11:31 of 1st period - Icing by Mike Sillinger.
11:32 of 1st period - Mike Sillinger wins face-off versus Shawn Horcoff in Predators zone.
12:03 of 1st period - Snap shot by Mike Sillinger.
12:03 of 1st period - Shot Blocked by Bill Guerin.
12:19 of 1st period - Slapshot by Mike Sillinger.
12:19 of 1st period - Shot Misses the Net.
12:21 of 1st period - Slapshot by Kent Huskins.
12:21 of 1st period - Shot Misses the Net.
12:23 of 1st period - Slapshot by Kent Huskins.
12:23 of 1st period - Stopped by Brian Boucher without a rebound.
12:24 of 1st period - Nik Antropov wins face-off versus Joe Thornton in Kings zone.
12:24 of 1st period - Nik Antropov is hit by Joe Thornton.
12:42 of 1st period - Braydon Coburn is hit by Robyn Regehr and loses puck.
12:58 of 1st period - Icing by Jean-Pierre Dumont.
12:59 of 1st period - Mike Ribeiro wins face-off versus Randy Robitaille in Predators zone.
13:04 of 1st period - Snap shot by Jean-Pierre Dumont.
13:04 of 1st period - Shot Misses the Net.
13:12 of 1st period - Slapshot by Antti Miettinen.
13:12 of 1st period - Shot Misses the Net.
13:14 of 1st period - Wrist shot by Erik Cole.
13:14 of 1st period - Shot Misses the Net.
13:48 of 1st period - Wrist shot by Brent Sopel.
13:48 of 1st period - Stopped by Rick DiPietro with a rebound.
13:49 of 1st period - Minor Penalty to Mikael Samuelsson for High sticking.
13:50 of 1st period - Nik Antropov wins face-off versus Mike Sillinger in Predators zone.
14:05 of 1st period - Barret Jackman is hit by Guillaume Latendresse.
15:49 of 1st period - Penalty to Mikael Samuelsson is over, Mikael Samuelsson is back on ice.
16:05 of 1st period - Adrian Aucoin is hit by Matthew Barnaby and loses puck.
16:14 of 1st period - Braydon Coburn is hit by Joe Thornton and loses puck.
16:30 of 1st period - Matthew Barnaby is hit by Joe Thornton and loses puck.
16:35 of 1st period - Wrist shot by Mikael Samuelsson.
16:35 of 1st period - Stopped by Brian Boucher without a rebound.
16:36 of 1st period - Shawn Horcoff wins face-off versus Todd White in Kings zone.
17:05 of 1st period - Snap shot by Guillaume Latendresse.
17:05 of 1st period - Stopped by Rick DiPietro with a rebound.
17:07 of 1st period - Wrist shot by Nik Antropov.
17:07 of 1st period - Shot Misses the Net.
17:08 of 1st period - Minor Penalty to Joe Thornton for Holding.
17:09 of 1st period - Nik Antropov wins face-off versus Oleg Saprykin in Predators zone.
17:12 of 1st period - Wrist shot by Nik Antropov.
17:12 of 1st period - Shot Blocked by Adrian Aucoin.
17:16 of 1st period - Backhand shot by Sydney Crosby.
17:16 of 1st period - Shot Misses the Net.
17:18 of 1st period - Slapshot by Marek Zidlicky.
17:18 of 1st period - Shot Blocked by Robyn Regehr.
17:51 of 1st period - Slapshot by Marek Zidlicky.
17:51 of 1st period - Deflect By Antti Miettinen.
17:51 of 1st period - Goal by Antti Miettinen - Predators : 1 - Kings : 2.
17:52 of 1st period - Nik Antropov wins face-off versus Joe Thornton in neutral zone.
18:03 of 1st period - Snap shot by Nik Antropov.
18:03 of 1st period - Stopped by Rick DiPietro with a rebound.
18:19 of 1st period - Mike Ribeiro is hit by Shawn Horcoff and loses puck.
18:26 of 1st period - Wrist shot by Bill Guerin.
18:26 of 1st period - Deflect By Jean-Pierre Dumont.
18:26 of 1st period - Shot Misses the Net.
18:26 of 1st period - Puck is out of play.
18:27 of 1st period - Jean-Pierre Dumont wins face-off versus Bill Guerin in Predators zone.
18:54 of 1st period - Wrist shot by Guillaume Latendresse.
18:54 of 1st period - Shot Blocked by Kent Huskins.
19:00 of 1st period - Snap shot by Nik Antropov.
19:00 of 1st period - Shot Blocked by Paul Mara.
19:02 of 1st period - Wrist shot by Sydney Crosby.
19:02 of 1st period - Shot Misses the Net.
19:11 of 1st period - Minor Penalty to Erik Cole for Holding.
19:12 of 1st period - Randy Robitaille wins face-off versus Joe Thornton in Kings zone.
19:12 of 1st period - Randy Robitaille is hit by Alexander Ovechkin.
19:46 of 1st period - Slapshot by Robyn Regehr.
19:46 of 1st period - Deflect By Alexander Steen.
19:46 of 1st period - Shot Misses the Net.
19:46 of 1st period - Puck is out of play.
19:47 of 1st period - John Madden wins face-off versus Mike Ribeiro in Kings zone.
19:47 of 1st period - John Madden is hit by Mike Ribeiro.
2nd period
0:01 of 2nd period - Randy Robitaille wins face-off versus Joe Thornton in neutral zone.
0:12 of 2nd period - Slapshot by Adrian Aucoin.
0:12 of 2nd period - Shot Misses the Net.
0:14 of 2nd period - Wrist shot by Ryan Mcdonagh.
0:14 of 2nd period - Shot Misses the Net.
1:11 of 2nd period - Penalty to Erik Cole is over, Erik Cole is back on ice.
2:30 of 2nd period - John Madden is hit by Mikael Samuelsson and loses puck.
3:03 of 2nd period - Jean-Pierre Dumont is hit by Antti Miettinen and loses puck.
3:54 of 2nd period - Bill Guerin is hit by Todd White and loses puck.
4:54 of 2nd period - Snap shot by Erik Cole.
4:54 of 2nd period - Shot Misses the Net.
4:56 of 2nd period - Wrist shot by Erik Cole.
4:56 of 2nd period - Goal by Erik Cole - Predators : 1 - Kings : 3.
4:57 of 2nd period - Alexander Ovechkin wins face-off versus Nik Antropov in neutral zone.
5:38 of 2nd period - Snap shot by Shawn Horcoff.
5:38 of 2nd period - Shot Misses the Net.
5:58 of 2nd period - Wrist shot by Oleg Saprykin.
5:58 of 2nd period - Stopped by Brian Boucher without a rebound.
5:59 of 2nd period - Nik Antropov wins face-off versus Joe Thornton in Kings zone.
6:47 of 2nd period - Ryan Whitney is hit by Mikael Samuelsson and loses puck.
7:14 of 2nd period - Adrian Aucoin is hit by Ladislav Nagy and loses puck.
7:26 of 2nd period - Minor Penalty to Antti Miettinen for Boarding.
7:27 of 2nd period - Joe Thornton wins face-off versus Randy Robitaille in Kings zone.
7:40 of 2nd period - Wrist shot by Joe Thornton.
7:40 of 2nd period - Shot Misses the Net.
7:42 of 2nd period - Wrist shot by Jean-Pierre Dumont.
7:42 of 2nd period - Deflect By Alexander Ovechkin.
7:42 of 2nd period - Stopped by Brian Boucher without a rebound.
7:43 of 2nd period - Randy Robitaille wins face-off versus Joe Thornton in Kings zone.
8:15 of 2nd period - Slapshot by Adrian Aucoin.
8:15 of 2nd period - Shot Misses the Net.
9:09 of 2nd period - Adrian Aucoin is hit by Derek Boogaard and loses puck.
9:26 of 2nd period - Penalty to Antti Miettinen is over, Antti Miettinen is back on ice.
10:01 of 2nd period - Wrist shot by Mariusz Czerkawski.
10:01 of 2nd period - Stopped by Brian Boucher with a rebound.
10:50 of 2nd period - Nik Antropov is hit by Mike Ribeiro.
10:54 of 2nd period - Wrist shot by Mike Ribeiro.
10:54 of 2nd period - Stopped by Brian Boucher without a rebound.
10:55 of 2nd period - Randy Robitaille wins face-off versus Mike Ribeiro in Kings zone.
11:04 of 2nd period - Antti Miettinen is hit by Adrian Aucoin and loses puck.
11:53 of 2nd period - Marek Zidlicky is hit by Oleg Saprykin.
12:34 of 2nd period - Snap shot by Joe Thornton.
12:34 of 2nd period - Stopped by Brian Boucher with a rebound.
13:07 of 2nd period - Off-side.
13:08 of 2nd period - John Madden wins face-off versus Mike Sillinger in neutral zone.
13:11 of 2nd period - Slapshot by Ryan Whitney.
13:11 of 2nd period - Stopped by Rick DiPietro with a rebound.
13:17 of 2nd period - Wrist shot by Ladislav Nagy.
13:17 of 2nd period - Stopped by Rick DiPietro with a rebound.
13:59 of 2nd period - Slapshot by Alexander Ovechkin.
13:59 of 2nd period - Shot Blocked by Ryan Whitney.
14:05 of 2nd period - Wrist shot by Sydney Crosby.
14:05 of 2nd period - Stopped by Rick DiPietro without a rebound.
14:06 of 2nd period - Nik Antropov wins face-off versus Joe Thornton in Predators zone.
14:09 of 2nd period - Snap shot by Nik Antropov.
14:09 of 2nd period - Stopped by Rick DiPietro without a rebound.
14:10 of 2nd period - Joe Thornton wins face-off versus Nik Antropov in Predators zone.
14:44 of 2nd period - Snap shot by Bill Guerin.
14:44 of 2nd period - Goal by Bill Guerin - Predators : 1 - Kings : 4.
14:44 of 2nd period - Nikolai Khabibulin enters game.
14:45 of 2nd period - Nik Antropov wins face-off versus Joe Thornton in neutral zone.
14:48 of 2nd period - Adrian Aucoin is hit by Brent Sopel and loses puck.
15:20 of 2nd period - Slapshot by Brent Sopel.
15:20 of 2nd period - Shot Misses the Net.
15:44 of 2nd period - Minor Penalty to Shawn Horcoff for Holding.
15:45 of 2nd period - Bill Guerin wins face-off versus Joe Thornton in Kings zone.
16:45 of 2nd period - Slapshot by Adrian Aucoin.
16:45 of 2nd period - Goal by Adrian Aucoin - Predators : 2 - Kings : 4.
16:46 of 2nd period - Mike Sillinger wins face-off versus Nik Antropov in neutral zone.
16:51 of 2nd period - Wrist shot by Mikael Samuelsson.
16:51 of 2nd period - Shot Misses the Net.
16:53 of 2nd period - Snap shot by Mikael Samuelsson.
16:53 of 2nd period - Stopped by Brian Boucher without a rebound.
16:54 of 2nd period - Mike Sillinger wins face-off versus Nik Antropov in Kings zone.
16:57 of 2nd period - Snap shot by Oleg Saprykin.
16:57 of 2nd period - Stopped by Brian Boucher with a rebound.
16:59 of 2nd period - Slapshot by Kent Huskins.
16:59 of 2nd period - Shot Blocked by Guillaume Latendresse.
17:01 of 2nd period - Slapshot by Paul Mara.
17:01 of 2nd period - Shot Misses the Net.
17:03 of 2nd period - Slapshot by Kent Huskins.
17:03 of 2nd period - Shot Blocked by Ryan Whitney.
17:05 of 2nd period - Slapshot by Paul Mara.
17:05 of 2nd period - Deflect By Guillaume Latendresse.
17:05 of 2nd period - Stopped by Brian Boucher with a rebound.
17:07 of 2nd period - Slapshot by Paul Mara.
17:07 of 2nd period - Shot Blocked by Nik Antropov.
17:09 of 2nd period - Slapshot by Paul Mara.
17:09 of 2nd period - Shot Blocked by Brent Sopel.
17:18 of 2nd period - Off-side.
17:19 of 2nd period - Shawn Horcoff wins face-off versus Joe Thornton in neutral zone.
17:29 of 2nd period - Backhand shot by Braydon Coburn.
17:29 of 2nd period - Shot Blocked by Alexander Ovechkin.
17:31 of 2nd period - Slapshot by Marek Zidlicky.
17:31 of 2nd period - Stopped by Nikolai Khabibulin without a rebound.
17:32 of 2nd period - Shawn Horcoff wins face-off versus Joe Thornton in Predators zone.
17:54 of 2nd period - Minor Penalty to Jean-Pierre Dumont for Interference.
17:55 of 2nd period - Todd White wins face-off versus Nik Antropov in Predators zone.
18:23 of 2nd period - Off-side.
18:24 of 2nd period - Shawn Horcoff wins face-off versus Todd White in neutral zone.
18:27 of 2nd period - Backhand shot by Bryan McCabe.
18:27 of 2nd period - Goal by Bryan McCabe - Predators : 2 - Kings : 5.
18:28 of 2nd period - Joe Thornton wins face-off versus Nik Antropov in neutral zone.
18:36 of 2nd period - Wrist shot by Brent Sopel.
18:36 of 2nd period - Deflect By Guillaume Latendresse.
18:36 of 2nd period - Shot Misses the Net.
18:36 of 2nd period - Puck is out of play.
18:37 of 2nd period - Nik Antropov wins face-off versus Joe Thornton in Predators zone.
18:38 of 2nd period - Slapshot by Sydney Crosby.
18:38 of 2nd period - Stopped by Nikolai Khabibulin with a rebound.
18:44 of 2nd period - Snap shot by Guillaume Latendresse.
18:44 of 2nd period - Goal by Guillaume Latendresse - Predators : 2 - Kings : 6.
18:45 of 2nd period - Michael Grabner wins face-off versus Guillaume Latendresse in neutral zone.
19:22 of 2nd period - Wrist shot by Bill Guerin.
19:22 of 2nd period - Shot Blocked by Alexander Steen.
19:24 of 2nd period - Backhand shot by Marek Zidlicky.
19:24 of 2nd period - Deflect By Derek Boogaard.
19:24 of 2nd period - Stopped by Nikolai Khabibulin with a rebound.
19:26 of 2nd period - Slapshot by Braydon Coburn.
19:26 of 2nd period - Stopped by Nikolai Khabibulin without a rebound.
19:27 of 2nd period - Mike Sillinger wins face-off versus Shawn Horcoff in Predators zone.
19:54 of 2nd period - Randy Robitaille is hit by Joe Thornton and loses puck.
3rd period
0:01 of 3rd period - Nik Antropov wins face-off versus Joe Thornton in neutral zone.
0:14 of 3rd period - Snap shot by Sydney Crosby.
0:14 of 3rd period - Stopped by Nikolai Khabibulin with a rebound.
0:16 of 3rd period - Slapshot by Braydon Coburn.
0:16 of 3rd period - Deflect By Sydney Crosby.
0:16 of 3rd period - Shot Blocked by Michael Grabner.
0:16 of 3rd period - Puck is out of play.
0:17 of 3rd period - Mike Ribeiro wins face-off versus Shawn Horcoff in Predators zone.
0:42 of 3rd period - Adrian Aucoin is hit by Sydney Crosby and loses puck.
1:51 of 3rd period - Slapshot by Alexander Ovechkin.
1:51 of 3rd period - Shot Misses the Net.
2:13 of 3rd period - Snap shot by Oleg Saprykin.
2:13 of 3rd period - Stopped by Brian Boucher with a rebound.
2:15 of 3rd period - Slapshot by Ryan Mcdonagh.
2:15 of 3rd period - Stopped by Brian Boucher without a rebound.
2:16 of 3rd period - Mike Ribeiro wins face-off versus Shawn Horcoff in Kings zone.
2:17 of 3rd period - Slapshot by Alexander Steen.
2:17 of 3rd period - Stopped by Brian Boucher without a rebound.
2:18 of 3rd period - Mike Ribeiro wins face-off versus Shawn Horcoff in Kings zone.
2:49 of 3rd period - Slapshot by Joe Thornton.
2:49 of 3rd period - Shot Misses the Net.
3:10 of 3rd period - Slapshot by Alexander Ovechkin.
3:10 of 3rd period - Stopped by Brian Boucher without a rebound.
3:11 of 3rd period - John Madden wins face-off versus Mike Ribeiro in Kings zone.
3:11 of 3rd period - John Madden is hit by Jean-Pierre Dumont.
3:21 of 3rd period - Wrist shot by Alexander Steen.
3:21 of 3rd period - Stopped by Brian Boucher without a rebound.
3:22 of 3rd period - Joe Thornton wins face-off versus Nik Antropov in Kings zone.
3:37 of 3rd period - Adrian Aucoin is hit by Guillaume Latendresse and loses puck.
4:57 of 3rd period - Minor Penalty to Mariusz Czerkawski for Tripping.
4:58 of 3rd period - Nik Antropov wins face-off versus Mike Sillinger in Predators zone.
5:53 of 3rd period - Bryan McCabe is hit by Todd White and loses puck.
6:57 of 3rd period - Penalty to Mariusz Czerkawski is over, Mariusz Czerkawski is back on ice.
7:02 of 3rd period - Ryan Whitney is hit by Alexander Ovechkin and loses puck.
7:07 of 3rd period - Snap shot by Joe Thornton.
7:07 of 3rd period - Shot Misses the Net.
7:09 of 3rd period - Snap shot by Adrian Aucoin.
7:09 of 3rd period - Stopped by Brian Boucher without a rebound.
7:10 of 3rd period - Randy Robitaille wins face-off versus Joe Thornton in Kings zone.
7:38 of 3rd period - Barret Jackman is hit by Ladislav Nagy and loses puck.
7:54 of 3rd period - Sydney Crosby is hit by Mariusz Czerkawski and loses puck.
8:53 of 3rd period - Off-side.
8:54 of 3rd period - Mike Ribeiro wins face-off versus Shawn Horcoff in neutral zone.
9:48 of 3rd period - Backhand shot by Oleg Saprykin.
9:48 of 3rd period - Shot Misses the Net.
10:30 of 3rd period - Michael Grabner is hit by Derek Boogaard and loses puck.
11:40 of 3rd period - Bryan McCabe is hit by Paul Mara and loses puck.
12:01 of 3rd period - Slapshot by Shawn Horcoff.
12:01 of 3rd period - Stopped by Nikolai Khabibulin without a rebound.
12:02 of 3rd period - Joe Thornton wins face-off versus Nik Antropov in Predators zone.
12:04 of 3rd period - Minor Penalty to Joe Thornton for Holding.
12:05 of 3rd period - Nik Antropov wins face-off versus Todd White in Predators zone.
12:30 of 3rd period - Antti Miettinen is hit by Kent Huskins and loses puck.
12:35 of 3rd period - Snap shot by Oleg Saprykin.
12:35 of 3rd period - Shot Misses the Net.
12:37 of 3rd period - Slapshot by Robyn Regehr.
12:37 of 3rd period - Deflect By Todd White.
12:37 of 3rd period - Shot Misses the Net.
12:37 of 3rd period - Puck is out of play.
12:38 of 3rd period - Nik Antropov wins face-off versus Todd White in Kings zone.
12:43 of 3rd period - Snap shot by Oleg Saprykin.
12:43 of 3rd period - Stopped by Brian Boucher without a rebound.
12:44 of 3rd period - Nik Antropov wins face-off versus Todd White in Kings zone.
13:52 of 3rd period - Icing by Guillaume Latendresse.
13:53 of 3rd period - Nik Antropov wins face-off versus Todd White in Kings zone.
14:04 of 3rd period - Penalty to Joe Thornton is over, Joe Thornton is back on ice.
14:32 of 3rd period - Joe Thornton is hit by John Madden and loses puck.
14:55 of 3rd period - Wrist shot by Mariusz Czerkawski.
14:55 of 3rd period - Shot Misses the Net.
15:03 of 3rd period - Wrist shot by Mariusz Czerkawski.
15:03 of 3rd period - Shot Misses the Net.
15:05 of 3rd period - Wrist shot by Blake Geoffrion.
15:05 of 3rd period - Stopped by Brian Boucher without a rebound.
15:06 of 3rd period - Michael Grabner wins face-off versus Nik Antropov in Kings zone.
15:09 of 3rd period - Snap shot by Joe Thornton.
15:09 of 3rd period - Shot Blocked by Brent Sopel.
15:11 of 3rd period - Wrist shot by Kent Huskins.
15:11 of 3rd period - Deflect By Joe Thornton.
15:11 of 3rd period - Shot Misses the Net.
15:11 of 3rd period - Puck is out of play.
15:12 of 3rd period - Nik Antropov wins face-off versus Joe Thornton in Kings zone.
15:19 of 3rd period - Slapshot by Brent Sopel.
15:19 of 3rd period - Stopped by Nikolai Khabibulin with a rebound.
15:59 of 3rd period - Slapshot by Guillaume Latendresse.
15:59 of 3rd period - Stopped by Nikolai Khabibulin without a rebound.
16:00 of 3rd period - Mike Ribeiro wins face-off versus Shawn Horcoff in Predators zone.
16:00 of 3rd period - Mike Ribeiro is hit by Marek Zidlicky.
16:31 of 3rd period - Wrist shot by Randy Robitaille.
16:31 of 3rd period - Shot Blocked by Barret Jackman.
16:55 of 3rd period - Snap shot by Mike Sillinger.
16:55 of 3rd period - Shot Misses the Net.
17:34 of 3rd period - Jean-Pierre Dumont is hit by Guillaume Latendresse.
17:38 of 3rd period - Slapshot by Ryan Mcdonagh.
17:38 of 3rd period - Goal by Ryan Mcdonagh - Predators : 3 - Kings : 6.
17:39 of 3rd period - Nik Antropov wins face-off versus Joe Thornton in neutral zone.
18:04 of 3rd period - Alexander Ovechkin is hit by Antti Miettinen and loses puck.
18:12 of 3rd period - Minor Penalty to Barret Jackman for Interference.
18:13 of 3rd period - Guillaume Latendresse wins face-off versus Mike Sillinger in Predators zone.
18:44 of 3rd period - Snap shot by Shawn Horcoff.
18:44 of 3rd period - Shot Blocked by Mikael Samuelsson.
19:42 of 3rd period - Kent Huskins is hit by Marek Zidlicky and loses puck.
19:56 of 3rd period - Icing by Nik Antropov.
19:57 of 3rd period - Nik Antropov wins face-off versus Mike Sillinger in Kings zone.
Output by the SimonT Hockey Simulator (STHS) for François Prévost -- Original Page W3C XHTML 1.0 Valid